Map: 16-Bit LE

Players

IKEELU - Winner!

  • Race: Terran Terran
  • League: Gold
  • Spawn Location: 1:00

Lonk

  • Race: Terran Terran
  • League: Platinum
  • Spawn Location: 7:00

VOD

Have the link to the VOD?

Description

I'm loser????

Time

  • Played on: July 7, 2018, 3:09 a.m.
  • Length: 18:50
Show
View Real Time Build Order
Export as new Build Order

IKEELU Terran - Winner!

Build Orders: Liberator Opening 

Get SALT Encoding   

  12  0:01  SCV  
  13  0:13  SCV  
  14  0:24  Supply Depot  
  14  0:25  SCV  
  15  0:46  SCV  
  15  0:47  Barracks  
  16  0:58  SCV  
  17  1:05  Refinery  
  17  1:10  SCV  
  18  1:23  SCV  
  19  1:35  SCV  
  20  1:44  Command Center  
  20  1:50  Supply Depot, SCV  
  20  1:52  Marine  
  22  2:03  SCV  
  23  2:11  Marine  
  23  2:13  Refinery  
  23  2:15  SCV  
  25  2:17  Factory  
  25  2:27  SCV  
  26  2:44  Barracks Reactor  
  26  2:49  SCV  
  27  3:00  SCV  
  27  3:01  SCV  
  27  3:03  Cyclone  
  32  3:12  SCV  
  33  3:15  Supply Depot  
  33  3:25  Marine  
  33  3:26  Marine  
  35  3:27  Starport  
  35  3:28  SCV  
  36  3:34  SCV  
  36  3:40  SCV  
  38  3:43  Marine x2  
  38  3:44  Supply Depot  
  40  3:49  SCV  
  40  3:52  SCV  
  40  3:55  Liberator  
  42  4:01  Liberator  
  42  4:04  SCV  
  42  4:08  Engineering Bay  
  43  4:16  SCV, Barracks Tech Lab  
  47  4:23  Factory Tech Lab  
  50  4:27  Refinery  
  50  4:28  SCV  
  50  4:29  SCV  
  52  4:40  Supply Depot  
  52  4:41  SCV  
  53  4:51  Liberator  
  53  4:53  SCV  
  53  4:59  Supply Depot  
  54  5:01  Refinery  
  54  5:05  SCV  
  54  5:07  Medivac  
  57  5:10  Marine  
  61  5:17  SCV  
  62  5:22  Supply Depot  
  62  5:28  Missile Turret  
  62  5:29  SCV  
  62  5:31  Missile Turret  
  62  5:32  Missile Turret  
  62  5:33  Missile Turret  
  63  5:41  SCV  
  64  5:44  Supply Depot  
  64  6:10  Orbital Command  
  64  6:16  SCV  
  65  6:19  Marine  
  66  6:29  SCV  
  67  6:36  Marine  
  68  6:54  Marine  
  69  7:12  Marine  
  63  8:01  Marauder  
  65  8:14  Barracks  
  65  8:17  Barracks  
  65  8:22  Marauder  
  67  8:27  Supply Depot  
  67  8:28  Command Center  
  67  8:30  Armory  
  67  8:31  Engineering Bay  
  67  8:43  Marine  
  68  9:01  Marine  
  66  9:19  Marine  
  65  9:33  Liberator  
  65  9:36  Barracks Reactor x2  
  65  9:37  Marine  
  66  9:49  Siege Tank  
  66  9:50  Medivac  
  66  9:52  SCV  
  75  9:54  Marine  
  76  10:01  SCV  
  76  10:04  SCV  
  78  10:08  Starport  
  78  10:10  Terran Infantry Armor Level 1, Terran Vehicle And Ship Armor Level 1, Terran Infantry Weapons Level 1  
  78  10:11  Starport  
  78  10:12  Marine  
  78  10:13  SCV, Marine x3  
  78  10:16  SCV, Starport  
  78  10:18  Command Center  
  78  10:21  Siege Tank  
  82  10:27  Command Center  
  79  10:30  Marine  
  76  10:46  Marine x2  
  76  10:47  Marine x2  
  76  10:48  Marine  
  79  11:04  Marine x3  
  79  11:05  Marine  
  79  11:06  Marauder  
  85  11:21  Liberator  
  85  11:22  Marine x4  
  89  11:28  Marauder  
  91  11:37  Medivac  
  91  11:39  Siege Tank  
  99  11:40  Marine x4  
  99  11:43  Missile Turret  
  99  11:45  SCV, Missile Turret  
  105  11:47  SCV  
  105  11:49  Marauder, SCV  
  108  11:55  SCV x2  
  108  11:57  SCV  
  108  11:58  Marine x4  
  108  11:59  SCV  
  109  12:02  SCV  
  109  12:04  Liberator  
  109  12:07  SCV x2, Medivac  
  105  12:09  SCV  
  105  12:10  Marine  
  105  12:11  SCV, Siege Tank  
  105  12:14  SCV  
  108  12:15  Marine  
  108  12:19  SCV x2  
  108  12:21  SCV  
  115  12:23  SCV  
  115  12:26  SCV  
  113  12:31  SCV x2  
  113  12:32  Marauder, Marine x3  
  113  12:33  SCV  
  113  12:35  SCV  
  122  12:38  SCV  
  122  12:43  SCV x2, Siege Tank  
  128  12:47  Marine  
  128  12:50  SCV, Marine x3  
  133  12:54  Marauder  
  135  12:59  Starport Tech Lab x2  
  135  13:00  Starport Tech Lab  
  135  13:01  Terran Vehicle And Ship Armor Level 2  
  135  13:02  SCV, Terran Infantry Armor Level 2, Terran Infantry Weapons Level 2  
  135  13:05  Marine  
  136  13:07  Marine  
  136  13:08  Marine x2  
  131  13:14  SCV  
  131  13:15  Marauder  
  131  13:16  Siege Tank  
  137  13:24  Marine  
  137  13:25  Marine  
  139  13:29  SCV, Marine  
  139  13:43  Stimpack  
  139  14:20  Marauder  
  138  14:35  Siege Tank  
  133  14:41  Marauder  
  135  14:52  Marine x3  
  137  15:03  Marauder  
  136  15:24  Marauder  
  138  15:44  Combat Shields  
  138  15:46  SCV  
  139  16:36  Missile Turret  
  139  16:49  Marauder, SCV  
  138  17:01  SCV  
  138  17:03  Concussive Shells  
  139  17:31  Refinery  
  139  17:32  Refinery  
  139  17:41  Fusion Core  
  139  17:43  Armory  
  139  18:19  Refinery  
  139  18:22  Refinery  
  139  18:32  Armory  
Show
View Real Time Build Order
Export as new Build Order

Lonk Terran 

Build Orders:  

Get SALT Encoding   

  12  0:02  SCV  
  13  0:18  Supply Depot  
  13  0:19  SCV  
  14  0:27  Refinery  
  14  0:42  Barracks  
  14  0:47  Refinery  
  14  0:55  SCV  
  15  1:07  SCV  
  16  1:35  Factory  
  16  1:37  SCV  
  17  1:41  Reaper  
  18  1:49  SCV  
  19  2:01  SCV  
  20  2:12  Supply Depot  
  20  2:13  SCV  
  21  2:20  Factory Reactor  
  21  2:22  Barracks Reactor  
  21  2:25  SCV  
  22  2:33  Factory  
  22  2:37  SCV  
  23  2:49  SCV  
  24  2:57  Widow Mine  
  24  2:58  Widow Mine  
  28  3:19  Widow Mine  
  30  3:23  Supply Depot  
  30  3:33  Orbital Command  
  30  3:45  Widow Mine  
  32  3:54  Supply Depot  
  32  3:56  Widow Mine x3  
  38  4:16  Widow Mine  
  40  4:17  Widow Mine x3  
  46  4:37  Widow Mine  
  48  4:39  Widow Mine x2  
  52  5:08  Widow Mine  
  52  5:13  Widow Mine  
  56  5:14  Supply Depot  
  56  5:16  Command Center  
  56  5:40  Supply Depot  
  56  5:42  Supply Depot  
  56  5:49  Command Center  
  49  6:18  Starport  
  36  8:00  Refinery  
  36  8:02  Refinery  
  36  8:04  Viking  
  38  8:17  Engineering Bay  
  38  8:45  Missile Turret  
  38  8:58  Widow Mine x4  
  42  9:19  Widow Mine x2  
  44  9:39  Widow Mine x2  
  44  9:41  Widow Mine x2  
  48  10:23  Widow Mine x4  
  54  10:44  Widow Mine x4  
  58  11:26  Viking  
  58  11:29  Widow Mine x3  
  58  11:30  Widow Mine  
  34  12:29  Planetary Fortress  
  30  13:22  Widow Mine x2  
  30  13:24  Liberator  
  25  13:43  Widow Mine  
  25  13:44  Widow Mine  
  21  14:05  Widow Mine  
  10  15:18  Medivac  
  12  15:23  SCV  
  13  15:35  SCV  
  14  15:47  SCV  
  15  15:59  SCV  
  16  16:11  SCV  
  17  16:39  Command Center  
  8  17:32  Command Center  
  8  17:57  Supply Depot  
  7  18:20  Command Center  
Tags
 
Matchup
TvT
Race
Terran
Spawn Locations
Cross Positions
Add a new tag
Caveats
  • Supply blocks, unpowered buildings, or Contaminate may cause inaccurate times.
  • Supply counts are checked every 10 seconds.